 Dungeon Crawl Stone Soup version 0.23-a0-391-g8c51ad5 (webtiles) character file.

172 Garbasso the Insei (level 5, 0/34 HPs)
             Began as an Octopode Transmuter on Oct 30, 2018.
             Succumbed to a killer bee's poison
             ... on level 3 of the Dungeon.
             The game lasted 00:10:59 (4446 turns).

Garbasso the Insei (Octopode Transmuter)            Turns: 4446, Time: 00:11:00

Health: 0/34       AC:  2    Str: 10    XL:     5   Next: 52%
Magic:  4/8        EV: 21    Int: 15    God:
Gold:   224        SH:  0    Dex: 18    Spells: 2/8 levels left

rFire    . . .     SeeInvis .     - Unarmed
rCold    . . .     Gourm    .   (shield currently unavailable)
rNeg     . . .     Faith    .   (helmet currently unavailable)
rPois    x         Spirit   .   (no amulet)
rElec    .         Reflect  .   m - ring of protection from magic
rCorr    .         Harm     .   (no ring)
MR       +....                  (no ring)
Stlth    ++........             (no ring)
HPRegen  0.11/turn              (no ring)
MPRegen  0.11/turn              (no ring)
                                (no ring)
                                (no ring)

@: lethally poisoned (0 -> -40), spider-form (expiring)
A: tiny, almost no armour, stealthy swim, (amphibious), 8 rings, (constrict 8)
a: End Transformation


You were on level 3 of the Dungeon.
You were not hungry.
You were a venomous arachnid creature.
You visited 1 branch of the dungeon, and saw 4 of its levels.

You collected 224 gold pieces.

Inventory:

Missiles
 a - 17 arrows
 b - 25 stones (quivered)
Jewellery
 m - a ring of protection from magic (left front leg)
Scrolls
 e - 4 scrolls of remove curse
 f - 7 scrolls of identify {unknown}
 i - 2 scrolls of teleportation {unknown}
 j - 2 scrolls of magic mapping {unknown}
 p - a scroll of amnesia {unknown}
Potions
 h - 2 potions of lignification {unknown}
 k - a potion of flight {unknown}
 l - a potion of might {unknown}
 o - a potion of ambrosia {unknown}
Comestibles
 c - 6 rations
 n - a chunk of flesh


   Skills:
 - Level 2.0 Fighting
 + Level 2.9 Dodging
 + Level 4.0 Unarmed Combat
 - Level 2.0 Spellcasting
 * Level 3.6 Transmutations
 + Level 1.0 Poison Magic


You had 2 spell levels left.
You knew the following spells:

 Your Spells              Type           Power        Failure   Level  Hunger
a - Beastly Appendage     Tmut           ##....       14%         1    #......
b - Sticks to Snakes      Tmut           ##......     21%         2    ###....
c - Spider Form           Tmut/Pois      #.........   47%         3    ###....

Your spell library contained the following spells:

 Spells                   Type           Power        Failure   Level  Hunger
 Ice Form                 Ice/Tmut       #.......     87%         4    #####..
 Blade Hands              Tmut           ##........   92%         5    ######.


Dungeon Overview and Level Annotations

Branches:
Dungeon (4/15)
 Temple: D:4-7

Altars:
Nemelex Xobeh


Innate Abilities, Weirdness & Mutations

You cannot wear most types of armour.
You are very stealthy in the water. (Stealth+)
((You are amphibious.))
You can wear up to eight rings at the same time.
((You can use your tentacles to constrict eight enemies at once.))
((Your skin changes colour to match your surroundings (Stealth+).))
((Your rubbery body absorbs attacks. (AC +1, EV +1)))


Message History

You are more poisoned.
The killer bee poisons you!
You feel much better.
You feel sick. The killer bee closely misses you. x2
The killer bee misses you. x2
You closely miss the killer bee.
The killer bee is heavily wounded.
You feel sick. The killer bee barely misses you.
The killer bee closely misses you.
You hit the killer bee.
The killer bee is heavily wounded.
You feel sick. The killer bee barely misses you. The killer bee misses you.
The killer bee stings you! The killer bee completely misses you.
You closely miss the killer bee.
You feel sick.
The killer bee closely misses you. x3; The killer bee stings you!
* * * LOW HITPOINT WARNING * * *
You are more poisoned.
The killer bee poisons you!
You hit the killer bee.
The killer bee is poisoned.
The killer bee is moderately wounded.
You die...

...# #.#
#......................
.#.####.#
#.###################.#
........# #.#
#.......... .#.######
#.# #.######### ...#
#.# #..# # .###
#.###### ##.# .###
#.....y# #.# ...#
######y# #.# ## .#.#
#s# #.# #. ...# #y# #.#
#. #.## #y# #.# #. #.#
#.# #.# #. #.# #.#
#.#######. #.# #.#
#......... #.# #.#
#########. #.# #.# ##.
#.##############.# ##..


You could see 4 killer bees.

Vanquished Creatures
  A bullfrog skeleton (D:3)
  3 adders (D:3)
  An ooze (D:3)
  3 worms
  A dart slug (D:3)
  A leopard gecko (D:1)
  3 orcs (D:3)
  9 bats
  2 giant cockroaches (D:1)
  7 goblins
  8 hobgoblins
  2 jackals (D:1)
  A quokka (D:3)
  A frilled lizard (D:2)
  7 kobolds
  9 rats
59 creatures vanquished.

Vanquished Creatures (collateral kills)
  2 orc priests (D:3)
  An adder (D:3)
  A worm (D:4)
  A leopard gecko (D:4)
  2 orcs (D:3)
7 creatures vanquished.

Grand Total: 66 creatures vanquished

Notes
Turn   | Place    | Note
-------+----------+-------------------------------------------
     0 | D:1      | Garbasso the Octopode Transmuter began the quest for the
                  | Orb.
     0 | D:1      | Reached XP level 1. HP: 13/13 MP: 3/3
   210 | D:1      | Reached XP level 2. HP: 7/18 MP: 5/5
   389 | D:1      | Learned a level 2 spell: Sticks to Snakes
  1003 | D:1      | You fall through a shaft!
  1095 | D:2      | Reached XP level 3. HP: 22/23 MP: 6/6
  1253 | D:2      | Learned a level 3 spell: Spider Form
  1392 | D:2      | Found a sparkling altar of Nemelex Xobeh.
  2064 | D:2      | Found a faded altar of an unknown god.
  2713 | D:3      | Reached XP level 4. HP: 23/29 MP: 5/7
  3119 | D:3      | Reached XP level 5. HP: 22/34 MP: 8/8
  3943 | D:3      | Reached skill level 4 in Unarmed Combat
  4416 | D:4      | Reached skill level 1 in Poison Magic
  4446 | D:3      | Succumbed to a killer bee's poison

Vault maps used:
D:1:      dpeg_arrival_long_road
D:2:      lemuel_doored_altar, chequers_ecumenical_altar_grove
D:4:      fedhas_altar_1, gup_sewer_entry_pipe, serial_shops, nicolae_shop_trees

Skill      XL: |  1  2  3  4  5 |
---------------+----------------+-----
Transmutations | 3 |  3.6
Fighting       | 2 |  2.0
Unarmed Combat | 4 |  4.0
Poison Magic   | 1 |  1.0
Dodging        | |  2.9
Spellcasting   | |  2.0

Action                   |  1- 3 |  4- 6 || total
-------------------------+-------+-------++-------
Melee: Unarmed           |    96 |    57 ||   153
       Constrict         |    26 |    10 ||    36
       Kick              |    14 |     3 ||    17
       Tentacles         |    13 |     3 ||    16
       Punch             |     4 |     2 ||     6
Throw: Stone             |       |     3 ||     3
 Cast: Beastly Appendage |    20 |     3 ||    23
       Spider Form       |       |     5 ||     5
       Sticks to Snakes  |       |    11 ||    11
  Use: Scroll            |       |     1 ||     1
       Potion            |       |     4 ||     4
 Stab: Sleeping          |     6 |     4 ||    10
  Eat: Chunk             |     4 |     5 ||     9
       Ration            |     1 |       ||     1
Armor: Skin              |    11 |     5 ||    16
Dodge: Dodged            |    54 |    68 ||   122

Table legend:
 A = Non-vault XP
 B = Vault XP
 C = Vault XP percentage of total XP
 D = Non-vault monster count
 E = Vault monster count
 F = Vault count percentage of total count
                 A         B        C        D         E       F
            +---------+---------+-------+---------+---------+-------
      Total |     246 |       0 |   0.0 |      66 |       0 |   0.0
            +---------+---------+-------+---------+---------+-------
        D:1 |      33 |       0 |   0.0 |      20 |       0 |   0.0
        D:2 |      20 |       0 |   0.0 |      10 |       0 |   0.0
        D:3 |     187 |       0 |   0.0 |      34 |       0 |   0.0
        D:4 |       6 |       0 |   0.0 |       2 |       0 |   0.0
            +---------+---------+-------+---------+---------+-------
